 Dungeon Crawl Stone Soup version 0.29.1-12-g30fa7ad0bf (webtiles) character file.

Game seed: 3251525132405369087

165 booth the Chopper (level 5, 0/39 HPs)
             Began as a Demonspawn Gladiator on Dec 31, 2022.
             Was a Follower of Dithmenos.
             Succumbed to a scorpion's poison
             ... on level 3 of the Dungeon.
             The game lasted 00:15:56 (2320 turns).

booth the Chopper (Demonspawn Gladiator)            Turns: 2320, Time: 00:15:57

Health: 0/39       AC:  4    Str: 16    XL:     5   Next: 21%
Magic:  3/5        EV: 12    Int: 11    God:    Dithmenos [*.....]
Gold:   103        SH:  0    Dex: 15    Spells: 4/4 levels left

rFire   . . .      SeeInvis +   k - +1 mace (vorpal)
rCold   . . .      Faith    .   (no shield)
rNeg    . . .      Spirit   +   b - +0 leather armour
rPois   .          Reflect  .   c - +0 helmet
rElec   .          Harm     .   (no cloak)
rCorr   .          Rampage  .   (no gloves)
Will    +....                   (no boots)
Stlth   +.........              (no amulet)
HPRegen 0.13/turn               f - ring of willpower
MPRegen 0.18/turn               l - ring of see invisible

@: lethally poisoned (0 -> -14), about to teleport, wreathed by umbra, invisible
A: magic shield, magic regeneration, big brain 1
a: Renounce Religion


You were on level 3 of the Dungeon.
You worshipped Dithmenos.
Dithmenos was aware of your devotion.
You visited 1 branch of the dungeon, and saw 3 of its levels.

You collected 103 gold pieces.

Inventory:

Hand Weapons
 a - a +0 war axe
 g - a +0 club
 k - a +1 vorpal mace (weapon)
Armour
 b - a +0 leather armour (worn)
 c - a +0 helmet (worn)
 j - a +0 ring mail
Jewellery
 f - a ring of willpower (left hand)
 l - a ring of see invisible (right hand)
Scrolls
 e - a scroll of summoning {unknown}
Potions
 h - 2 potions of might
 i - a potion of invisibility
 m - a potion of berserk rage
 n - a potion of attraction {unknown}


   Skills:
 + Level 2.4 Fighting
 + Level 3.4(3.7) Axes
 * Level 1.7(2.8) Maces & Flails
 + Level 2.1 Throwing
 + Level 2.1 Armour
 + Level 3.2 Dodging
 + Level 0.2 Stealth


You had 4 spell levels left.
You didn't know any spells.
Your spell library contained the following spells:

 Spells                   Type           Power      Damage    Failure   Level
 Apportation              Tloc           0%         N/A       41%         1
 Freeze                   Ice            0%         1d3       41%         1
 Alistair's Intoxication  Tmut/Pois      0%         N/A       100%        5


Dungeon Overview and Level Annotations

Branches:
Dungeon (3/15)

Altars:
Dithmenos
Trog


Innate Abilities, Weirdness & Mutations

When hurt, damage is shared between your health and your magic reserves.
You regenerate magic rapidly.
You have an unusually large brain. (Int +2)


Message History

The scorpion is lightly wounded.
The scorpion stings you but does no damage.
The scorpion stings you.
You are poisoned.
The scorpion poisons you!
You hit the scorpion but do no damage.
The scorpion is lightly wounded.
You feel very sick. The scorpion stings you. x2
You are more poisoned.
The scorpion poisons you!
You hit the scorpion.
The scorpion is moderately wounded.
You feel very sick. The scorpion completely misses you.
You hit the scorpion.
The scorpion is heavily wounded.
You feel very sick. The scorpion barely misses you. The scorpion stings you.
You hit the scorpion.
The scorpion is almost dead.
You feel sick. The scorpion stings you.
* * * LOW HITPOINT WARNING * * *
As you read the scroll of teleportation, it crumbles to dust.
You feel strangely unstable.
You feel sick. The scorpion stings you.
* * * LOW HITPOINT WARNING * * *
You are lethally poisoned!
The scorpion poisons you!
You hit the scorpion.
You kill the scorpion!
Dithmenos accepts your kill.
* * * LOW HITPOINT WARNING * * *
You feel very sick.
Your Armour skill increases to level 2!
You have reached level 5!
Your demonic ancestry asserts itself...
Your brain expands.
It was a potion of invisibility.
You fade into invisibility!
You die...

#.# #.# .....#
####.# ...!.. ....##
.....# ...+.. ....
##### ..##.### ...
#.... #.##...##.#
#.#.# #.####....#
#.#
#..@.(#..#########..
#####.#[#....[....##
#.#.#.≈≈≈≈≈≈≈.##
#.#.#≈..≈≈≈..≈##
#...#≈.≈...≈.≈##
#####≈.≈._.≈.≈##
#≈.≈...≈.≈##
#≈..≈≈≈..≈#.
#.≈≈≈≈≈≈≈.##


There were no monsters in sight!

Vanquished Creatures
  A scorpion (D:3)
  An orc priest (D:3)
  An orc wizard (D:3)
  An adder (D:2)
  2 orcs (D:3)
  5 ball pythons (D:1)
  6 endoplasms
  2 giant cockroaches
  6 goblins
  6 hobgoblins (D:1)
  A quokka (D:1)
  3 bats
  3 frilled lizards
  3 kobolds
  4 rats
45 creatures vanquished.

Notes
Turn   | Place    | Note
-------+----------+-------------------------------------------
     0 | D:1      | booth the Demonspawn Gladiator began the quest for the Orb.
     0 | D:1      | Reached XP level 1. HP: 16/16 MP: 1/1
   385 | D:1      | Gained mutation: You regenerate magic rapidly. [demonic
                  | ancestry]
   385 | D:1      | Reached XP level 2. HP: 20/22 MP: 2/2
   705 | D:1      | Found a faded altar of an unknown god.
   725 | D:1      | Got Plato's Incunable of Frostbite
   726 | D:1      | Prayed at the altar of an unknown god.
   726 | D:1      | Became a worshipper of Dithmenos the Shadowed
   726 | D:1      | Reached * piety under Dithmenos
   748 | D:1      | Gained mutation: When hurt, damage is shared between your
                  | health and your magic reserves. [demonic ancestry]
   748 | D:1      | Reached XP level 3. HP: 22/27 MP: 3/3
  1141 | D:2      | Noticed a scorpion
  1170 | D:2      | Reached skill level 1 in Armour
  2168 | D:3      | Found a bloodstained altar of Trog.
  2179 | D:3      | Reached XP level 4. HP: 32/33 MP: 4/4
  2185 | D:3      | Reached skill level 1 in Maces & Flails
  2319 | D:3      | Killed a scorpion
  2320 | D:3      | Gained mutation: You have an unusually large brain. (Int
                  | +2) [demonic ancestry]
  2320 | D:3      | Reached XP level 5. HP: 3/39 MP: 3/5
  2320 | D:3      | Succumbed to a scorpion's poison

Illustrated notes

Levels and vault maps discovered:
D:1:      saegor_arrival_simple_a, layout_basic,
          shapermc_ecumenical_altar_rom_forum
D:2:      minmay_door_path, layout_loops_cross
D:3:      layout_basic, mainiacjoe_overflow_paths

Skill      XL: |  1  2  3  4 |
---------------+-------------+-----
Throwing       | 2 |  2.1
Axes           | 3 |  3.4
Dodging        | 3 |  3.2
Armour         | 1 2 |  2.1
Maces & Flails | 1 |  1.7
Fighting       | |  2.4
Stealth        | |  0.2

Action                   |  1- 3 |  4- 6 || total
-------------------------+-------+-------++-------
Melee: War axe           |    65 |       ||    65
       Punch             |     1 |       ||     1
       Mace              |    39 |    21 ||    60
Throw: Throwing net      |     3 |     1 ||     4
       Javelin           |     2 |     1 ||     3
  Use: Scroll            |     4 |     2 ||     6
       Potion            |     2 |     1 ||     3
Armor: Leather armour    |    29 |     2 ||    31
Dodge: Dodged            |    74 |     7 ||    81
